 Dungeon Crawl Stone Soup version 0.27.1 (webtiles) character file.

Game seed: 16020663395460609260

6 MajorAdolf the Poker (level 1, 15/15 HPs)
             Began as a Naga Wanderer on Aug 26, 2021.
             Quit the game on level 1 of the Dungeon.
             The game lasted 00:00:50 (188 turns).

MajorAdolf the Poker (Naga Wanderer)                 Turns: 188, Time: 00:00:50

Health: 15/15      AC:  1    Str: 14    XL:     1   Next: 90%
Magic:  1/1        EV:  9    Int: 12    God:
Gold:   0          SH:  0    Dex: 10    Spells: 0/0 levels left

rFire    . . .     SeeInvis +   a - +0 spear
rCold    . . .     Faith    .   (no shield)
rNeg     . . .     Spirit   .   c - +0 leather armour
rPois    +         Reflect  .   (no helmet)
rElec    .         Harm     .   (no cloak)
rCorr    .         Rampage  .   (no gloves)
Will     .....                  (no barding)
Stlth    +.........             (no amulet)
HPRegen  0.05/turn              (no ring)
MPRegen  0.07/turn              (no ring)

@: very slow
A: AC +0, large, see invisible, deformed body, poison resistance, slowness 2,
spit poison 1, naga tail 1
a: Spit Poison


You were on level 1 of the Dungeon.
You visited 1 branch of the dungeon, and saw 1 of its levels.

Inventory:

Hand Weapons
 a - a +0 spear (weapon)
Missiles
 b - 3 throwing nets (quivered)
Armour
 c - a +0 leather armour (worn)
Potions
 d - a potion of lignification


   Skills:
 + Level 3.1 Polearms
 + Level 1.5 Dodging
 + Level 1.5 Stealth
 + Level 2.1 Unarmed Combat
 + Level 2.2 Evocations


You couldn't memorise any spells.
You didn't know any spells.
Your spell library was empty.

Dungeon Overview and Level Annotations

Branches:
Dungeon (1/15)

Altars:


Innate Abilities, Weirdness & Mutations

Your serpentine skin is tough. (AC +0)
You have supernaturally acute eyesight. (SInv)
Armour fits poorly on your strangely shaped body.
Your system is resistant to poisons. (rPois)
You cover ground very slowly.
You can spit poison.
You have a snake-like lower body.


Message History

You kill the giant cockroach!
You start waiting.
You have got your breath back.
A frilled lizard and a giant cockroach come into view.
The dart slug launches a dart at you. The slug dart misses you.
The giant cockroach moves out of view.
Press: ? - help, Shift-Dir - straight line, f - frilled lizard
Aim: a frilled lizard (asleep)
The splash of poison hits the frilled lizard!
You kill the frilled lizard!
Unknown command.
You have got your breath back.
There are monsters nearby!
The giant cockroach barely misses you.
Press: ? - help, Shift-Dir - straight line, f - giant cockroach
Aim: a giant cockroach The splash of poison hits the giant cockroach.
The giant cockroach is poisoned.
You kill the giant cockroach!
Unknown command.
You have got your breath back.
The dart slug launches a dart at you. The slug dart hits you.
The dart slug launches a dart at you. The slug dart hits you.
You hit the dart slug.
The dart slug is severely wounded.
Press: ? - help, Shift-Dir - straight line, f - dart slug
Aim: a dart slug (severely wounded)
The splash of poison hits the dart slug!
The dart slug is poisoned.
You kill the dart slug!
Unknown command.
You start resting.
You have got your breath back.
You start resting.
HP restored.
Unknown command.
Unknown command.
Are you sure you want to abandon this character and quit the game? (Confirm with "yes".)

##############
#≈P≈.........#
#≈≈≈##.###.<.#
#P≈P##.# #...#
#..#.##P≈P#
###.#
#..#.##≈PP# .#
#..#...≈P≈# .#
#..#@#####≈≈P.
.# #..#.# P≈P#
.# #.†#†### PP
.# #..#...#
#..†...#
.[...†[#.......
......###.#####
...... .# .....
..


There were no monsters in sight!

Vanquished Creatures
  A dart slug (D:1)
  2 giant cockroaches (D:1)
  A frilled lizard (D:1)
4 creatures vanquished.

Vanquished Creatures (others)
  A plant (D:1)
1 creature vanquished.

Grand Total: 5 creatures vanquished

Notes
Turn   | Place    | Note
-------+----------+-------------------------------------------
     0 | D:1      | MajorAdolf the Naga Wanderer began the quest for the Orb.
     0 | D:1      | MajorAdolf set off with the following items: a +0 spear, 3
                  | throwing nets, a +0 leather armour, a potion of
                  | lignification
     0 | D:1      | Reached XP level 1. HP: 15/15 MP: 1/1
   188 | D:1      | Quit the game

Illustrated notes

Levels and vault maps discovered:
D:1:      psy_arrival_conway, layout_basic

Action                   || total
-------------------------++-------
Melee: Spear             ||     2
 Abil: Spit Poison       ||     4
Dodge: Dodged            ||     2
